 Dungeon Crawl Stone Soup version 0.28.0-47-ge53b351184 (webtiles) character file.

Game seed: 13710586891791627014

2414 101zpm the Thaumaturge (level 9, -6/56 HPs)
             Began as a Djinni Fire Elementalist on Apr 30, 2022.
             Was a Follower of Makhleb.
             Shot with a sling bullet by Joseph (19 damage)
             ... on level 7 of the Dungeon.
             The game lasted 00:17:42 (10593 turns).

101zpm the Thaumaturge (Djinni Fire Elementalist)  Turns: 10593, Time: 00:17:43

Health: -6/56      AC:  5    Str:  7    XL:     9   Next: 76%
Gold:   372        EV: 12    Int: 22    God:    Makhleb [*.....] SH:  0 Dex: 13

rFire   + + +      SeeInvis .   q - +5 flail
rCold   x . .      Faith    .   (no shield)
rNeg    . . .      Spirit   .   i - +2 leather armour {rF+}
rPois   ∞          Reflect  .   (no helmet)
rElec   .          Harm     .   (no cloak)
rCorr   .          Rampage  .   (no gloves)
Will    .....                   (boots unavailable)
Stlth   ++........              (no amulet)
HPRegen 0.18/turn               (no ring)
MPRegen 0.00/turn               (no ring)

@: flying
A: sickness immunity, fire resistance 2, cold vulnerability 1, float, innate
caster, HP casting, extra vitality 1
a: Renounce Religion


You were on level 7 of the Dungeon.
You worshipped Makhleb.
Makhleb was aware of your devotion.
You visited 2 branches of the dungeon, and saw 8 of its levels.

You collected 372 gold pieces.

Inventory:

Hand Weapons
 q - a +5 flail (weapon)
Armour
 a - a +0 robe
 i - a +2 leather armour of fire resistance (worn)
Magical Staves
 n - a staff of air
Jewellery
 x - a ring of protection from cold
Wands
 j - a wand of polymorph (5)
 l - a wand of digging (4)
Scrolls
 c - 3 scrolls of amnesia {unknown}
 e - 6 scrolls of identify {unknown}
 f - a scroll of acquirement {unknown}
 m - a scroll of immolation {unknown}
 o - a scroll of torment {unknown}
 p - a scroll of fear {unknown}
 s - a scroll of brand weapon {unknown}
 t - a scroll of blinking {unknown}
 v - a scroll of magic mapping {unknown}
 w - 3 scrolls of teleportation {unknown}
 y - a scroll of vulnerability {unknown}
Potions
 b - 3 potions of lignification {unknown}
 d - 3 potions of curing {unknown}
 g - a potion of might {unknown}
 h - a potion of attraction {unknown}
 k - 2 potions of resistance {unknown}
 r - a potion of cancellation {unknown}
 u - 3 potions of haste {unknown}


   Skills:
 + Level 0.9 Fighting
 + Level 3.4 Armour
 + Level 3.4 Dodging
 + Level 3.1 Stealth
 + Level 1.3 Unarmed Combat
 + Level 8.9 Spellcasting


You had 3 spell levels left.
You knew the following spells:

 Your Spells              Type           Power      Damage    Failure   Level
a - Foxfire               Conj/Fire      100%       2x1d9     1%          1
b - Scorch                Fire           98%        2d10      1%          2
c - Conjure Flame         Conj/Fire      49%        6-21      1%          3
d - Inner Flame           Hex/Fire       49%        N/A       1%          3
e - Flame Wave            Conj/Fire      49%        2d10      2%          4
f - Sting                 Tmut/Pois      100%       1d8       1%          1
g - Corpse Rot            Necr/Air       98%        N/A       1%          2
h - Blink                 Tloc           98%        N/A       1%          2
i - Ice Form              Ice/Tmut       49%        N/A       2%          4
Your spell library was empty.

Dungeon Overview and Level Annotations

Branches:
Dungeon (7/15)             Temple (1/1) D:4

Altars:
Ashenzari
Cheibriados
Dithmenos
Elyvilon
Fedhas
Gozag
Hepliaklqana
Kikubaaqudgha
Makhleb
Nemelex Xobeh
Okawaru
Qazlal
Ru
Sif Muna
Trog
Uskayaw
Vehumet
Wu Jian
Xom
Yredelemnul
Zin
The Shining One

Annotations:
D:7 Joseph


Innate Abilities, Weirdness & Mutations

You are immune to sickness and miasma.
You are immune to poison.
Your flesh is very heat resistant. (rF++)
You are vulnerable to cold. (rC-)
You float through the air rather than walking.
You learn spells naturally, not from books.
Your magical power is your life essence.
You have superior vitality. (+4 MHP)


Message History

You now have 372 gold pieces (gained 9).
Joseph, a Mercenary comes into view.
He is wielding a +0 quarterstaff and wearing a +1 leather armour of fire resistance.
Joseph shouts!
Joseph unwields a +0 quarterstaff.
Joseph wields a +5 vorpal hunting sling.
Joseph shoots a sling bullet.
The sling bullet hits you!
You conjure some foxfire!
You conjure some foxfire!
Casting: Foxfire (safe; 1% risk of failure)
Confirm with . or Enter, or press ? or * to list all spells.
Aiming: Inner Flame (safe; 1% risk of failure)
Press: ? - help, Dir - move target, f - Joseph
Aim: Joseph, wielding a +5 vorpal hunting sling, wearing a +1 leather armour of fire resistance and quivering sling bullets (wisps of flame, ally target, chance to affect: 83%) Joseph barely resists.
The foxfire hits Joseph.
Joseph resists.
Joseph is lightly wounded.
Casting: Inner Flame (safe; 1% risk of failure)
Confirm with . or Enter, or press ? or * to list all spells.
Aiming: Inner Flame (safe; 1% risk of failure)
Press: ? - help, Dir - move target, f/p - Joseph
Aim: Joseph, wielding a +5 vorpal hunting sling, wearing a +1 leather armour of fire resistance and quivering sling bullets (lightly wounded, ally target, chance to affect: 83%) Joseph barely resists.
Joseph unwields a +5 vorpal hunting sling.
Joseph wields a +0 quarterstaff.
Joseph hits you with a +0 quarterstaff.
Casting: Inner Flame (safe; 1% risk of failure)
Confirm with . or Enter, or press ? or * to list all spells.
Aiming: Inner Flame (safe; 1% risk of failure)
Press: ? - help, Dir - move target, f/p - Joseph
Aim: Joseph, wielding a +0 quarterstaff, wearing a +1 leather armour of fire resistance and quivering sling bullets (lightly wounded, ally target, chance to affect: 83%) Joseph is filled with an inner flame.
Joseph hits you with a +0 quarterstaff!
* * * LOW HITPOINT WARNING * * *
Your foxfire dissipates!
The foxfire hits Joseph but does no damage.
Joseph is lightly wounded.
The foxfire hits Joseph.
Joseph resists.
Flame seeps out of Joseph.
Joseph is lightly wounded.
Joseph is engulfed in blazing flames.
Flame seeps out of Joseph.
Joseph unwields a +0 quarterstaff.
Joseph wields a +5 vorpal hunting sling.
Joseph shoots a sling bullet.
The sling bullet hits you!!
You die...

#.# ............#. #..
.......####.#. ... .. ..#.####.#.
#.#.# .. .........#. #.#.# @#
###.####.#. #.#.##.#####.# #.#.
#####.#§##.......####.#.
.......§.@..............
#####.#@#####.##.###.(## #. #.#.#
#.(..#..## # ..######.#.#
#.#..###..## # #.
#.#......#.#####.........##
##.#.##.#.####............###..##
........#.######.##.<............
........................###..##
#..#.##.#.######.##.##.#..# #..##
#................##.##.#..# #..##


You could see Joseph (inner flame).

Vanquished Creatures
  4 yaks (D:6)
  2 vampire mosquitoes (D:5)
  2 water moccasins (D:7)
  An ice beast (D:7)
  A black bear (D:3)
  An ogre (D:7)
  A necrophage (D:3)
  A kobold brigand (D:7)
  A wyvern zombie (D:5)
  2 scorpions
  A water moccasin zombie (D:5)
  A wyvern skeleton (D:5)
  2 howler monkeys
  A bullfrog zombie (D:5)
  3 centaur zombies
  2 hounds
  A gnoll shaman (D:6)
  A centaur skeleton (D:6)
  Ijyb (D:5)
  2 orc wizards (D:3)
  A killer bee zombie (D:7)
  A hound zombie (D:5)
  A howler monkey zombie (D:5)
  6 adders
  9 gnolls (D:6)
  A shadow imp (D:6)
  2 worms
  4 dart slugs
  7 orcs
  2 ball pythons
  3 endoplasms
  6 giant cockroaches
  5 goblins
  3 hobgoblins
  4 jackals
  13 kobolds
  5 quokkas
  9 bats
  2 frilled lizards
  5 rats
120 creatures vanquished.

Vanquished Creatures (others)
  645 foxfires
645 creatures vanquished.

Grand Total: 765 creatures vanquished

Notes
Turn   | Place    | Note
-------+----------+-------------------------------------------
     0 | D:1      | 101zpm the Djinni Fire Elementalist began the quest for the
                  | Orb.
     0 | D:1      | Reached XP level 1. HP: 15/15 MP: 0/0
   470 | D:1      | Reached XP level 2. HP: 17/21 MP: 0/0
  1616 | D:2      | Reached XP level 3. HP: 21/25 MP: 0/0
  1616 | D:2      | Learned a level 1 spell: Sting
  2060 | D:2      | Reached skill level 3 in Spellcasting
  3056 | D:2      | Reached XP level 4. HP: 26/31 MP: 0/0
  3065 | D:2      | Reached skill level 1 in Unarmed Combat
  3691 | D:3      | Reached XP level 5. HP: 31/35 MP: 0/0
  3691 | D:3      | Learned a level 2 spell: Corpse Rot
  3985 | D:3      | Noticed a necrophage
  3993 | D:3      | Killed a necrophage
  3994 | D:3      | Reached skill level 4 in Spellcasting
  3994 | D:3      | Reached XP level 6. HP: 16/40 MP: 0/0
  4690 | D:3      | Noticed a black bear
  4694 | D:3      | Killed a black bear
  5431 | D:4      | Reached XP level 7. HP: 41/45 MP: 0/0
  5431 | D:4      | Learned a level 2 spell: Blink
  5637 | D:4      | Reached skill level 5 in Spellcasting
  5817 | D:4      | Found a staircase to the Ecumenical Temple.
  6016 | Temple   | Entered the Ecumenical Temple
  6290 | Temple   | Became a worshipper of Makhleb the Destroyer
  6322 | D:5      | Entered Level 5 of the Dungeon
  6322 | D:5      | Noticed a vampire mosquito
  6325 | D:5      | Killed a vampire mosquito
  6325 | D:5      | Noticed a vampire mosquito
  6331 | D:5      | Noticed Ijyb
  6331 | D:5      | Killed a vampire mosquito
  6332 | D:5      | Reached skill level 1 in Armour
  6335 | D:5      | Killed Ijyb
  6338 | D:5      | Reached skill level 6 in Spellcasting
  6338 | D:5      | Reached XP level 8. HP: 23/50 MP: 0/0
  7474 | D:5      | Found a basalt altar of Yredelemnul.
  8593 | D:6      | Noticed a yak
  8594 | D:6      | Noticed a yak
  8595 | D:6      | Noticed a yak
  8600 | D:6      | Killed a yak
  8600 | D:6      | Killed a yak
  8601 | D:6      | Reached skill level 7 in Spellcasting
  8601 | D:6      | Reached XP level 9. HP: 36/56 MP: 0/0
  8601 | D:6      | Learned a level 4 spell: Ice Form
  9039 | D:6      | Reached skill level 8 in Spellcasting
  9966 | D:7      | Reached * piety under Makhleb
 10586 | D:7      | Noticed Joseph
 10593 | D:7      | Shot with a sling bullet by Joseph

Illustrated notes

Levels and vault maps discovered:
D:1:      wheals_arrival_shading, layout_basic
D:2:      layout_basic, minmay_heptomino_d4
D:3:      kennysheep_big_flooded_room, layout_rooms
D:4:      layout_layer_cave, temple_green, hangedman_decor_push
D:5:      layout_cave_pools, nicolae_yredelemnul_corpse_copse, uniq_ijyb
D:6:      layout_basic, eino_small_chamber_without_monster
D:7:      layout_basic, uniq_joseph
Temple:   mainiacjoe_temple_hex_bubbles

Skill      XL: |  1  2  3  4  5  6  7  8  9 |
---------------+----------------------------+-----
Spellcasting   | 3 4 6 7 8 |  8.9
Unarmed Combat | 1 |  1.3
Stealth        | 2 3 |  3.1
Dodging        | 3 |  3.4
Armour         | 1 2 3 |  3.4
Fighting       | |  0.9

Action                   |  1- 3 |  4- 6 |  7- 9 || total
-------------------------+-------+-------+-------++-------
Melee: Unarmed           |    27 |       |       ||    27
       Punch             |     1 |       |       ||     1
 Cast: Foxfire           |   115 |   153 |   126 ||   394
       Scorch            |     2 |     3 |     3 ||     8
       Inner Flame       |       |     3 |    54 ||    57
       Conjure Flame     |       |       |     8 ||     8
Armor: Robe              |     9 |     1 |       ||    10
       Leather armour    |       |       |     4 ||     4
Dodge: Dodged            |    33 |     2 |    18 ||    53
